 Dungeon Crawl Stone Soup version 0.32-a0-913-g739538afd8 (webtiles) character file.

Game seed: 10106072621698010245

12019 Shayle the Fighter (level 11, -31/87 HPs)
             Began as a Coglin Alchemist on Apr 9, 2024.
             Was an Initiate of Gozag.
             Killed from afar by an ice statue (36 damage)
             ... with a shard of ice
             ... in an ice cave on Apr 10, 2024.
             The game lasted 00:37:35 (13470 turns).

Shayle the Fighter (Coglin Alchemist)              Turns: 13470, Time: 00:37:36

Health: -31/87     AC:  8    Str:  8    XL:     11   Next: 86%
Magic:  18/21      EV: 11    Int: 20    God:    Gozag
Gold:   1652       SH:  0    Dex: 14    Spells: 7/23 levels left

rFire   . . .        L - +5 whip (elec) {Joji}
rCold   . . .        r - +2 long sword (protect) {Lars}
rNeg    + . .        o - +2 robe {Will+}
rPois   .            K - +0 helmet
rElec   .            c - +0 cloak
rCorr   .            l - +0 pair of gloves
SInv    .            h - +0 pair of boots "Qopa" {rN+}
Will    +....        (amulet unavailable)
Stlth   ++           (ring unavailable)
HPRegen 0.34/turn    (ring unavailable)
MPRegen 0.17/turn    (no gizmo)

%: no passive effects
@: gold aura
A: off-hand wielding, slow wielding, warmup strikes, no jewellery
a: Invent Gizmo, Renounce Religion, Potion Petition, Call Merchant, Bribe Branch


You were in an ice cave.
You worshipped Gozag.
Gozag was most pleased with you.
You visited 3 branches of the dungeon, and saw 13 of its levels.
You also visited: Bailey and Ice Cave.

You collected 2152 gold pieces.
You spent 374 gold pieces at shops.
You paid 126 gold pieces to Gozag.

Inventory:

Hand Weapons
 a - the +7 trident of the Big Bang {drain, rF+ Will+++ Int-5}
   (You bought it in a shop on level 3 of the Dungeon)

   Int-5:     It affects your intelligence (-5).
   rF+:       It protects you from fire.
   Will+++:   It greatly increases your willpower.
 d - a +0 dagger {Malki}
 m - a +1 dagger of speed {Januári}
 r - a +2 long sword of protection (offhand) {Lars}
 B - a +1 short sword of venom {Kaspar}
 L - a +5 whip of electrocution (weapon) {Joji}
Missiles
 J - a curare-tipped dart
Armour
 c - a +0 cloak (worn)
 h - the +0 pair of boots "Qopa" (worn) {rN+}
   (You acquired it on level 5 of the Dungeon)

   rN+:       It protects you from negative energy.
 l - a +0 pair of gloves (worn)
 o - a +2 robe of willpower (worn)
 K - a +0 helmet (worn)
 O - the +9 storm dragon scales of a Gauntlet {rElec rN+ Str-4 Stlth+}
   (You found it in a bailey)

   Str-4:     It affects your strength (-4).
   rElec:     It insulates you from electricity.
   rN+:       It protects you from negative energy.
   Stlth+:    It makes you more stealthy.
 P - the +5 plate armour of Zealous Salvation {Fly rElec Dex-2 Stlth+}
   (You found it in a bailey)

   Dex-2:     It affects your dexterity (-2).
   rElec:     It insulates you from electricity.
   Fly:       It grants you flight.
   Stlth+:    It makes you more stealthy.
 Q - a +1 pair of gloves of infusion
Magical Staves
 e - a staff of fire {Ur-Dumizida}
Wands
 n - a wand of acid (11)
 t - a wand of mindburst (6)
 u - a wand of warping (10)
 x - a wand of paralysis (13)
 N - a wand of flame (7)
 R - a wand of polymorph (2)
Scrolls
 f - 3 scrolls of blinking
 i - 3 scrolls of poison
 p - a scroll of enchant weapon {unknown}
 w - a scroll of fog {unknown}
 y - 2 scrolls of vulnerability
 A - 2 scrolls of noise {unknown}
 C - a scroll of enchant armour {unknown}
 D - 4 scrolls of teleportation
 G - a scroll of revelation
 H - 5 scrolls of fear {unknown}
 M - 2 scrolls of amnesia {unknown}
 S - 3 scrolls of identify
Potions
 b - 2 potions of magic
 g - a potion of mutation {unknown}
 j - a potion of attraction {unknown}
 k - a potion of resistance {unknown}
 q - 3 potions of haste
 s - 4 potions of curing
 v - a potion of invisibility {unknown}
 z - 2 potions of lignification {unknown}
 E - a potion of might {unknown}
 F - a potion of brilliance {unknown}
 I - 5 potions of enlightenment
 T - a potion of degeneration {unknown}


   Skills:
 + Level 8.5 Fighting
 - Level 1.9 Dodging
 - Level 1.5 Stealth
 - Level 6.7 Spellcasting
 + Level 7.7 Conjurations
 + Level 7.7 Fire Magic
 + Level 7.7 Air Magic
 - Level 3.2 Alchemy


You had 7 spell levels left.
You knew the following spells:

 Your Spells              Type           Power      Damage    Failure   Level
a - Sting                 Conj/Alch      100%       1d9       1%          1
b - Mephitic Cloud        Conj/Alch/Air  31%        N/A       2%          3
c - Airstrike             Air            18%        2d(3-19)  4%          4
d - Sticky Flame          Fire/Alch      28%        2d7       10%         4
e - Summon Blazeheart Go  Fire/Summ      22%        N/A       21%         4

Your spell library contained the following spells:

 Spells                   Type           Power      Damage    Failure   Level
 Magic Dart               Conj           100%       1d8       1%          1
 Shock                    Conj/Air       100%       1d9       1%          1
 Mercury Vapours          Alch/Air       56%        N/A       1%          2
 Searing Ray              Conj           74%        2d7       1%          2
 Swiftness                Air            37%        N/A       1%          3
 Slow                     Hex            24%        N/A       10%         1
 Summon Small Mammal      Summ           24%        N/A       10%         1
 Fulminant Prism          Conj/Alch      14%        3d8       10%         4
 Iskenderun's Battlesphe  Conj           37%        2d9       11%         5
 Ensorcelled Hibernation  Hex/Ice        12%        N/A       14%         2
 Olgreb's Toxic Radiance  Alch           19%        N/A       26%         4
 Call Canine Familiar     Summ           6%         N/A       28%         3
 Confusing Touch          Hex            6%         N/A       28%         3
 Passwall                 Erth           6%         N/A       28%         3
 Vampiric Draining        Necr           6%         2d6       28%         3
 Silence                  Hex/Air        11%        N/A       50%         5
 Passage of Golubria      Tloc           6%         N/A       67%         4
 Bombard                  Conj/Erth      11%        9d3       97%         6
 Spellforged Servitor     Conj/Summ      11%        N/A       100%        7
 Lehudib's Crystal Spear  Conj/Erth      11%        10d4      100%        8


Dungeon Overview and Level Annotations

Branches:
Dungeon (11/15)            Temple (1/1) D:5            Lair (1/5) D:10
 Bailey (visited)           IceCv (1/1)
    Orc: D:9-12

Altars:
Ashenzari
Cheibriados
Dithmenos
Elyvilon
Fedhas
Gozag
Hepliaklqana
Kikubaaqudgha
Makhleb
Nemelex Xobeh
Okawaru
Qazlal
Ru
Sif Muna
Trog
Uskayaw
Vehumet
Wu Jian
Xom
Yredelemnul
Zin
The Shining One
Beogh

Shops:
D:3 (

Annotations:
D:5 3 runed translucent doors, ratmeat3's ghost, novice OpFi
D:9 3 runed translucent doors, Palms's ghost, journeyman OnFE
D:10 2 transporters IceCv 1 transporter, exclusion: 2 ice statues


Innate Abilities, Weirdness & Mutations

You can wield a second weapon in your off-hand.
It takes a long time for you to wield or remove held weapons.
Your first few attacks do less damage.
You cannot equip rings or amulets.


Message History

The freezing wraith hits your blazeheart golem but does no damage. x2
Your blazeheart golem punches the freezing wraith!
Unknown command.
The freezing wraith hits your blazeheart golem!
The freezing wraith freezes your blazeheart golem!
Your blazeheart golem resists.
The freezing wraith hits your blazeheart golem.
The freezing wraith drains your blazeheart golem's vigour!
Your blazeheart golem seems to slow down.
Unknown command.
The freezing wraith hits your blazeheart golem!
The freezing wraith freezes your blazeheart golem!
Your blazeheart golem resists.
Your blazeheart golem falls apart, revealing its core!
The freezing wraith closely misses your blazeheart core.
The ice statue gestures.
Unknown command.
Your blazeheart core explodes!
The fiery explosion engulfs the freezing wraith!!
The freezing wraith is burned terribly!
You destroy the freezing wraith!
The fiery explosion engulfs the ice beast!!!
The ice beast melts!
You kill the ice beast!
The ice beast disappears in a puff of smoke!
The fiery explosion engulfs you!! The ice statue gestures at you.
The shard of ice hits you!!
* * * LOW HITPOINT WARNING * * *
The ice statue glitters chillingly in the dim dungeon light.
You feel much better.
You are engulfed in blazing flames.
* * * LOW HITPOINT WARNING * * *
The ice beast hits you but does no damage.
Unknown command.
The ice statue gestures at you. The shard of ice misses you.
The ice statue gestures at you. The shard of ice hits you!!!
You die...
Your body crumbles into a pile of gold.

###...### ##.∩#
##........####ß..#
##..........##ß...#
#...........#ß...I#
.......ß..".#.....#
.........(.ß#○○○?$#
∩∩......([©©#○°.}!#
.........).ß#○○°!)#
.......ß....#..Y@.#
#...........#ß...I#
##..........##ß...#
##........####ß..#
####...### ##.©#
##### ####


You could see 2 ice statues and an ice beast (summoned).

Vanquished Creatures
  2 two-headed ogres
  An orc knight (Bailey)
  An ugly thing (IceCv)
  A cyclops (D:9)
  4 cane toads (Lair:1)
  2 rime drakes (Lair:1)
  An unseen horror zombie (D:8)
  A kobold demonologist (D:10)
  A freezing wraith (IceCv)
  A hornet (D:9)
  8 yaks (D:10)
  4 wyverns
  2 wraiths
  Menkaure (D:5)
  2 steam dragons
  Duvessa (D:5)
  2 water moccasins
  9 orc warriors
  A black bear (D:5)
  A hornet zombie (D:8)
  An ogre (D:5)
  2 centaurs
  2 phantoms
  A gnoll sergeant (D:5)
  A wyvern zombie (D:8)
  3 kobold brigands
  3 bullfrogs
  2 scorpions
  15 wights
  Dowan (D:5)
  3 killer bees (D:7)
  2 elephant simulacra (IceCv)
  2 jellies
  2 bombardier beetles
  4 orc priests
  A gnoll bouda (D:8)
  4 hounds
  5 iguanas
  A sleepcap (D:4)
  Ijyb (D:4)
  A human skeleton (D:6)
  8 orc wizards
  A killer bee zombie (D:8)
  A hound skeleton (D:6)
  A howler monkey zombie (D:8)
  17 gnolls
  2 adders
  3 shadow imps
  2 white imps
  4 ufetubi
  2 dart slugs
  2 ribbon worms
  46 orcs
  8 endoplasms
  4 giant cockroaches
  9 goblins
  8 hobgoblins
  21 kobolds
  5 quokkas
  4 ball pythons
  6 bats
  A rat (D:3)
258 creatures vanquished.

Vanquished Creatures (others)
  A blazeheart core (IceCv)
1 creature vanquished.

Grand Total: 259 creatures vanquished

Notes
Turn   | Place    | Note
-------+----------+-------------------------------------------
     0 | D:1      | Shayle the Coglin Alchemist began the quest for the Orb.
     0 | D:1      | Reached XP level 1. HP: 13/13 MP: 3/3
   136 | D:1      | Reached skill level 1 in Conjurations
   338 | D:1      | Reached XP level 2. HP: 20/20 MP: 1/4
   459 | D:1      | Found a faded altar of an unknown god.
   619 | D:1      | Reached skill level 1 in Fighting
   725 | D:1      | Reached XP level 3. HP: 17/26 MP: 2/6
  1180 | D:2      | Reached skill level 1 in Air Magic
  1427 | D:2      | Reached skill level 1 in Fire Magic
  2104 | D:3      | Learned a level 3 spell: Mephitic Cloud
  2323 | D:3      | Reached XP level 4. HP: 32/32 MP: 1/7
  2502 | D:3      | Found Lailodui's Antique Weapon Shoppe.
  2510 | D:3      | Bought a masterwork trident for 212 gold pieces
  2510 | D:3      | Identified the +7 trident of the Big Bang {drain, rF+
                  | Will+++ Int-5} (You bought it in a shop on level 3 of the
                  | Dungeon)
  2626 | D:3      | Noticed a scorpion
  2651 | D:3      | Killed a scorpion
  2652 | D:3      | Reached skill level 2 in Fighting
  2652 | D:3      | Reached XP level 5. HP: 30/38 MP: 8/8
  2966 | D:3      | Found an ornate altar of the Wu Jian Council.
  3186 | D:4      | Reached XP level 6. HP: 41/44 MP: 10/10
  3738 | D:5      | Entered Level 5 of the Dungeon
  3738 | D:5      | Noticed Duvessa
  3738 | D:5      | Noticed Dowan
  3738 | D:5      | Noticed a water moccasin
  3800 | D:5      | Noticed Ijyb
  3883 | D:4      | Killed Ijyb
  3908 | D:5      | Killed Duvessa
  3916 | D:5      | Killed Dowan
  3917 | D:5      | Reached XP level 7. HP: 35/51 MP: 11/11
  3958 | D:5      | Reached skill level 3 in Fighting
  4243 | D:5      | Identified a scroll of acquirement
  4243 | D:5      | Acquired the +0 pair of boots "Qopa" {rN+}
  4260 | D:5      | Found a staircase to the Ecumenical Temple.
  4272 | Temple   | Entered the Ecumenical Temple
  4374 | D:5      | Reached XP level 8. HP: 35/60 MP: 13/13
  4484 | Temple   | Became a worshipper of Gozag Ym Sagoz the Greedy
  4548 | D:5      | Noticed Menkaure
  4555 | D:5      | Killed Menkaure
  4556 | D:5      | Reached skill level 4 in Fighting
  5018 | D:5      | Found a runed translucent gate.
  5019 | D:5      | Found a runed translucent gate.
  5019 | D:5      | Noticed ratmeat3's ghost (novice OpFi)
  5020 | D:5      | Found a runed translucent gate.
  6010 | D:6      | Reached XP level 9. HP: 67/67 MP: 15/15
  6048 | D:6      | Reached skill level 5 in Fighting
  6639 | D:6      | Found a burning altar of Makhleb.
  6911 | D:7      | Reached skill level 5 in Spellcasting
  6979 | D:7      | Reached skill level 5 in Air Magic
  7033 | D:7      | Reached skill level 5 in Fire Magic
  7166 | D:7      | Reached skill level 5 in Conjurations
  8242 | D:3      | Bought a glowing long sword for 162 gold pieces
  8257 | D:3      | Learned a level 4 spell: Airstrike
  8262 | D:3      | Learned a level 4 spell: Sticky Flame
  8471 | D:8      | Reached skill level 6 in Fighting
  8587 | D:7      | Reached XP level 10. HP: 22/74 MP: 14/18
 10475 | D:9      | Noticed a cyclops
 10483 | D:9      | Killed a cyclops
 10691 | D:9      | Found a flagged portal.
 10700 | Bailey   | Entered a bailey
 11006 | Bailey   | Noticed an orc knight
 11011 | Bailey   | Reached skill level 7 in Fighting
 11012 | Bailey   | Killed an orc knight
 11171 | Bailey   | Identified the +5 plate armour of Zealous Salvation {Fly
                  | rElec Dex-2 Stlth+}
 11172 | Bailey   | Identified the +9 storm dragon scales of a Gauntlet {rElec
                  | rN+ Str-4 Stlth+}
 11346 | D:9      | Noticed a two-headed ogre
 11350 | D:9      | Killed a two-headed ogre
 11351 | D:9      | Reached XP level 11. HP: 63/84 MP: 16/20
 11590 | D:9      | Found a snail-covered altar of Cheibriados.
 11629 | D:9      | Found a hazy altar of Hepliaklqana.
 11786 | D:9      | Found a runed translucent gate.
 11787 | D:9      | Found a runed translucent gate.
 11787 | D:9      | Noticed Palms's ghost (journeyman OnFE)
 11788 | D:9      | Found a runed translucent gate.
 11792 | D:9      | Identified the +1 plate armour "Ijaextoh" {Str+3}
 11794 | D:9      | Found a roughly hewn altar of Beogh.
 11817 | D:10     | Entered Level 10 of the Dungeon
 11828 | D:10     | Found a staircase to the Lair.
 11922 | D:10     | Found a transporter.
 11964 | D:10     | Found an ancient bone altar of Kikubaaqudgha.
 11966 | D:10     | Noticed a flayed ghost
 11968 | D:10     | Found a basalt altar of Yredelemnul.
 11971 | D:10     | Found a transporter.
 12017 | D:10     | Found a radiant altar of Vehumet.
 12037 | D:10     | Noticed a two-headed ogre
 12046 | D:10     | Killed a two-headed ogre
 12321 | D:10     | Reached skill level 8 in Fighting
 12796 | D:11     | Noticed a cyclops
 12960 | Lair:1   | Entered Level 1 of the Lair of Beasts
 13185 | Lair:1   | Found a frozen archway.
 13363 | IceCv    | Entered an ice cave
 13363 | IceCv    | Noticed a white ugly thing
 13371 | IceCv    | Killed a white ugly thing
 13444 | IceCv    | Found a transporter.
 13453 | IceCv    | Found a transporter.
 13461 | IceCv    | Learned a level 4 spell: Summon Blazeheart Golem
 13469 | IceCv    | HP: 4/87 [cloud of flame (26)]
 13470 | IceCv    | Killed from afar by an ice statue

Illustrated notes

Levels and vault maps discovered:
D:1:      nicolae_arrival_escape_room, layout_basic,
          hellmonk_ecumenical_altar_pennies_from_heaven,
          amcnicky_mini_rare_corridor_liquid, minmay_tetromino_l2
D:2:      layout_basic, serial_bayou_lagoon_b
D:3:      wander_river, layout_loops_corners, nzn_wu_jian_contemplation,
          serial_shops, shop
D:4:      layout_basic
D:5:      layout_cave_pods, minmay_temple_entry_junction,
          gammafunk_ghost_nasty_kobolds, grunt_ministairs_2,
          cheibrodos_gnoll_hut, uniq_duvessa, uniq_ijyb, uniq_menkaure
D:6:      layout_basic, makhleb_blood_cavern_becter
D:7:      layout_loops_ring
D:8:      layout_rooms, serial_undead, serial_undead_d, serial_undead_f,
          serial_undead_d, serial_undead_d, serial_undead_d
D:9:      layout_roguey, cheibriados_altar_1, nicolae_hepliaklqana_hippocampus,
          biasface_ghost_orc_armoury, enter_bailey_2
D:10:     layout_loops_cross, gammafunk_temple_of_torment, lemuel_round_altar,
          lair_entry_dummy
D:11:     layout_cross, david_orc_4
Temple:   nicolae_temple_bog_church
Lair:1:   minmay_lair_oklob_chamber, layout_layer_cave, portal_ice_cave_rime
IceCv:    ice_cave_statue_garden_transporter

Skill      XL: |  1  2  3  4  5  6  7  8  9 10 11 |
---------------+----------------------------------+-----
Conjurations   | 1 2 3 4 5 6 7 |  7.7
Spellcasting   | 2 3 4 5 6 |  6.7
Fighting       | 1 2 3 4 6 7 8 |  8.5
Air Magic      | 1 2 3 4 5 6 7 |  7.7
Fire Magic     | 1 2 3 4 5 6 7 |  7.7
Dodging        | |  1.9
Stealth        | |  1.5
Alchemy        | |  3.2

Action                     |  1- 3 |  4- 6 |  7- 9 | 10-12 || total
---------------------------+-------+-------+-------+-------++-------
  Melee: Dagger            |    34 |    52 |    97 |       ||   183
         Staff             |    35 |    10 |       |       ||    45
         Trident           |       |    54 |   249 |       ||   303
         Short sword       |       |       |   127 |    50 ||   177
         Long sword        |       |       |     2 |   160 ||   162
         Whip              |       |       |       |   114 ||   114
   Cast: Sting             |    73 |     8 |       |       ||    81
         Mephitic Cloud    |     1 |       |       |    20 ||    21
         Airstrike         |       |       |     5 |    29 ||    34
         Sticky Flame      |       |       |       |    17 ||    17
         Summon Blazeheart |       |       |       |     1 ||     1
  Evoke: Wand              |       |     4 |    13 |     5 ||    22
    Use: Scroll            |       |       |     8 |     4 ||    12
         Potion            |       |       |     2 |     1 ||     3
   Stab: Confused          |     1 |       |       |    21 ||    22
         Sleeping          |       |     1 |     1 |     3 ||     5
         Distracted        |       |       |     1 |       ||     1
 Armour: Robe              |    30 |    37 |   203 |   137 ||   407
  Dodge: Dodged            |    25 |    37 |   168 |   114 ||   344

Table legend: (Time is in decaauts)
 A = Elapsed time spent in this place.
 B = Non-inter-level travel time spent in this place.
 C = Inter-level travel time spent in this place.
 D = Time resting spent in this place.
 E = Time spent auto-exploring this place.
 F = Levels seen in this place.
 G = Mean time per level.
                   A        B        C        D        E       F      G
               +--------+--------+--------+--------+--------+-----+--------+
         Total |  13623 |  12811 |    812 |   2919 |   6795 |  15 |  908.2 |
       Dungeon |  12497 |  11731 |    766 |   2516 |   6656 |  11 | 1136.1 |
        Temple |     63 |     18 |     45 |      0 |      0 |   1 |   63.0 |
          Lair |    407 |    407 |      0 |    158 |     88 |   1 |  407.0 |
        Bailey |    548 |    548 |      0 |    183 |     51 |   1 |  548.0 |
      Ice Cave |    107 |    107 |      0 |     62 |      0 |   1 |  107.0 |
               +--------+--------+--------+--------+--------+-----+--------+

Top non-repeatable levels by time:
     D:7: 1851 daAuts
     D:5: 1785 daAuts
     D:8: 1552 daAuts
     D:3: 1296 daAuts
     D:2: 1112 daAuts
     D:6: 1086 daAuts
    D:10: 1027 daAuts
     D:1: 910 daAuts
     D:9: 881 daAuts
     D:4: 850 daAuts
  Bailey: 548 daAuts
  Lair:1: 407 daAuts
    D:11: 141 daAuts
   IceCv: 107 daAuts
  Temple: 63 daAuts
